 Dungeon Crawl Stone Soup version 0.27-a0-887-gcab673c142 (webtiles) character file.

Game seed: 8346781894117782318

13 sizableburger the Skirmisher (level 2, -1/33 HPs)
             Began as an Ogre Monk on Apr 4, 2021.
             Slain by a goblin
             ... wielding a +0 dagger
              (2 damage)
             ... on level 2 of the Dungeon.
             The game lasted 00:01:14 (1211 turns).

sizableburger the Skirmisher (Ogre Monk)            Turns: 1211, Time: 00:01:15

Health: -1/33      AC:  3    Str: 14    XL:     2   Next: 37%
Magic:  2/2        EV: 10    Int: 11    God:
Gold:   16         SH:  0    Dex: 11    Spells: 1/1 levels left

rFire    . . .     SeeInvis .   a - +0 spear
rCold    . . .     Faith    .   (no shield)
rNeg     . . .     Spirit   .   b - +0 robe
rPois    .         Reflect  .   (helmet restricted)
rElec    .         Harm     .   (no cloak)
rCorr    .         Rampage  .   (gloves unavailable)
Will     .....                  (boots unavailable)
Stlth    ++........             (no amulet)
HPRegen  0.11/turn              (no ring)
MPRegen  0.08/turn              (no ring)

@: studying Axes
A: large, unfitting armour, tough skin 1
a: no special abilities


You were on level 2 of the Dungeon.
You visited 1 branch of the dungeon, and saw 2 of its levels.

You collected 16 gold pieces.

Inventory:

Hand Weapons
 a - a +0 spear (weapon)
Armour
 b - a +0 robe (worn)
Scrolls
 d - a scroll of identify


   Skills:
 + Level 4.3 Fighting
 + Level 3.2 Polearms
 + Level 2.9 Dodging
 - Level 1.4 Stealth


You had one spell level left.
You didn't know any spells.
Your spell library was empty.

Dungeon Overview and Level Annotations

Branches:
Dungeon (2/15)

Altars:


Innate Abilities, Weirdness & Mutations

You are too large for most types of armour.
You have tough skin. (AC +1)


Message History

The goblin closely misses you. The jackal barely misses you.
The jackal bites you but does no damage.
The endoplasm freezes you.
You are frozen.
You barely miss the jackal.
The jackal is severely wounded.
The jackal bites you.
* * * LOW HITPOINT WARNING * * *
The goblin hits you with a +0 dagger.
* * * LOW HITPOINT WARNING * * *
The jackal barely misses you. The endoplasm hits you.
* * * LOW HITPOINT WARNING * * *
You closely miss the jackal.
The jackal is severely wounded.
The jackal barely misses you.
The jackal bites you but does no damage.
The goblin barely misses you. The jackal closely misses you.
The endoplasm closely misses you.
Unknown command.
You barely miss the jackal.
The jackal is severely wounded.
The jackal bites you but does no damage.
The goblin barely misses you. The jackal bites you.
* * * LOW HITPOINT WARNING * * *
The jackal bites you but does no damage.
The endoplasm barely misses you.
You barely miss the jackal.
The jackal is severely wounded.
The jackal barely misses you. The goblin closely misses you.
The jackal bites you.
* * * LOW HITPOINT WARNING * * *
Unknown command.
You hit the jackal but do no damage.
The jackal is severely wounded.
The jackal bites you but does no damage.
The endoplasm freezes you.
You are frozen.
* * * LOW HITPOINT WARNING * * *
The jackal closely misses you. The goblin hits you with a +0 dagger.
You die...

#......#.#.##.# #.
#......#.#.##.# #.
#......#.#.#..# #.
+..........#.#####.
#........#†.......♣
####.##..#.#.####..
#.##..#.#.# ##♣
.########.##..#.# #
......h@hg##..#.#
.######Jgg##..#.#
#hg.....#.#.######
+..(...... .......
#....##.#. .....##
#....# # .###.##
#..... #... #....##
#..# ##.... #...


You could see an endoplasm, 3 jackals, 3 hobgoblins and a goblin.

Vanquished Creatures
  3 ball pythons (D:1)
  A bat (D:2)
  A hobgoblin (D:1)
  A jackal (D:2)
  A frilled lizard (D:1)
  2 goblins
  A kobold (D:1)
  4 rats
14 creatures vanquished.

Notes
Turn   | Place    | Note
-------+----------+-------------------------------------------
     0 | D:1      | sizableburger the Ogre Monk began the quest for the Orb.
     0 | D:1      | Reached XP level 1. HP: 24/24 MP: 1/1
   580 | D:1      | Reached XP level 2. HP: 27/32 MP: 2/2
  1211 | D:2      | HP: 1/33 [endoplasm/Freeze (3)]
  1211 | D:2      | Slain by a goblin

Illustrated notes

Levels and vault maps discovered:
D:1:      moated_graveyard_arrival, layout_basic, minmay_hedge_maze
D:2:      layout_basic, serial_forest, infiniplex_forest_lined_2,
          infiniplex_forest_lined_2, infiniplex_forest_straight_1,
          infiniplex_forest_straight_2, infiniplex_forest_straight_1,
          infiniplex_forest_clump_diagonal, infiniplex_forest_end_1,
          infiniplex_forest_clump_double, uniq_jessica

Action                   || total
-------------------------++-------
Melee: Spear             ||    80
  Use: Potion            ||     2
       Scroll            ||     1
Armor: Robe              ||    52
Dodge: Dodged            ||    73

Table legend: (Time is in decaauts)
 A = Elapsed time spent in this place.
 B = Non-inter-level travel time spent in this place.
 C = Inter-level travel time spent in this place.
 D = Time resting spent in this place.
 E = Time spent auto-exploring this place.
 F = Levels seen in this place.
 G = Mean time per level.
                   A        B        C        D        E       F      G
               +--------+--------+--------+--------+--------+-----+--------+
         Total |   1206 |   1174 |     32 |      0 |   1047 |   2 |  603.0 |
       Dungeon |   1206 |   1174 |     32 |      0 |   1047 |   2 |  603.0 |
               +--------+--------+--------+--------+--------+-----+--------+

Top non-repeatable levels by time:
     D:1: 954 daAuts
     D:2: 252 daAuts
